 Dungeon Crawl Stone Soup version 0.25.0-9-g26727b6 (webtiles) character file.

Game seed: 4002538471680769826

295552 ratboy the Slayer (level 20, -4/202 HPs)
             Began as a Pale Draconian Conjurer on June 21, 2020.
             Was the Champion of Vehumet.
             Slain by Mennas
             ... wielding a +3 trishula of holy wrath
              (13 damage)
             ... on level 2 of the Vaults.
             The game lasted 04:30:21 (80561 turns).

ratboy the Slayer (Pale Draconian Conjurer)        Turns: 80561, Time: 04:30:22

Health: -4/202     AC: 14    Str: 11    XL:     20   Next: 6%
Magic:  2/37       EV: 27    Int: 24    God:    Vehumet [******]
Gold:   2038       SH:  7    Dex: 12    Spells: 13/46 levels left

rFire    . . .     SeeInvis .   a - +8 whip "Snakebite" {curare, rPois}
rCold    . . .     Gourm    .   P - +2 buckler {rPois}
rNeg     . . .     Faith    .   (armour unavailable)
rPois    +         Spirit   .   (helmet restricted)
rElec    .         Reflect  .   S - +2 cloak
rCorr    .         Harm     .   (no gloves)
MR       +....                  B - +0 pair of boots
Stlth    +.........             y - amulet of the acrobat
HPRegen  0.43/turn              G - +4 ring of evasion
MPRegen  0.25/turn              d - +4 ring of evasion

@: glowing, silenced, lightly drained, very slow
A: breathe steam, unfitting armour, cold-blooded, AC +10
}: 2/15 runes: serpentine, barnacled
a: Breathe Steam, Renounce Religion


You were on level 2 of the Vaults.
You worshipped Vehumet.
Vehumet was exalted by your worship.
You were not hungry.

You visited 7 branches of the dungeon, and saw 34 of its levels.
You also visited: Ossuary, Gauntlet, Ice Cave and Volcano.

You collected 3819 gold pieces.
You spent 1781 gold pieces at shops.

Inventory:

Hand Weapons
 a - the +8 whip "Snakebite" (weapon) {curare, rPois}
   (You acquired it on level 4 of the Shoals)

   It poisons the flesh of those it strikes.
   It protects you from poison.
Missiles
 q - 55 poisoned darts (quivered)
 E - 16 throwing nets
Armour
 B - a +0 pair of boots (worn)
 P - a +2 buckler of poison resistance (worn)
 S - a +2 cloak (worn)
Magical Staves
 b - an uncursed staff of energy
 X - an uncursed staff of fire
Jewellery
 d - a +4 ring of evasion (right hand)
 m - an uncursed ring of protection from cold
 u - an uncursed ring of protection from cold
 y - an amulet of the acrobat (around neck)
 C - an uncursed ring of positive energy
 G - a +4 ring of evasion (left hand)
 K - an uncursed ring of see invisible
 N - an uncursed ring of protection from fire
 Y - an uncursed ring of resist corrosion
Wands
 e - a wand of iceblast (23)
 r - a wand of clouds (9)
 T - a wand of paralysis (9)
 V - a wand of digging (11)
Scrolls
 c - 5 scrolls of teleportation
 g - 2 scrolls of fog
 h - 17 scrolls of remove curse
 j - 9 scrolls of immolation
 o - 4 scrolls of fear
 v - a scroll of identify
 w - 7 scrolls of blinking
 z - a scroll of silence
 H - 5 scrolls of magic mapping
 O - a scroll of summoning
Potions
 f - a potion of haste
 i - 13 potions of flight
 l - 4 potions of invisibility
 n - 2 potions of cancellation
 p - 4 potions of heal wounds
 s - 3 potions of berserk rage
 t - 7 potions of might
 x - 5 potions of magic
 A - a potion of resistance
 I - 6 potions of brilliance
 J - 6 potions of curing
 M - 3 potions of stabbing
 Q - 7 potions of lignification
 U - a potion of ambrosia
Miscellaneous
 D - 3 boxes of beasts
 F - a phantom mirror
 R - a tin of tremorstones (3/3)
 W - a phial of floods (inert)
 Z - a lightning rod (4/4)
Comestibles
 L - 21 rations


   Skills:
 + Level 22.5(22.4) Fighting
 - Level 12.0(11.9) Dodging
 - Level 1.7 Stealth
 - Level 4.0(3.9) Shields
 + Level 13.6(13.5) Spellcasting
 - Level 12.0(11.9) Conjurations
 - Level 5.0(4.9) Hexes
 - Level 6.0(5.9) Translocations
 + Level 14.2(14.1) Fire Magic
 - Level 5.0(4.9) Earth Magic
 + Level 11.6(11.5) Evocations


You had 13 spell levels left.
You knew the following spells:

 Your Spells              Type           Power        Failure   Level  Hunger
a - Magic Dart            Conj           ####         1%          1    None
b - Searing Ray           Conj           ######       1%          2    None
c - Fulminant Prism       Conj/Hex       ######....   1%          4    None
d - Bolt of Magma         Conj/Fire/Erth ######....   1%          5    ###....
e - Sticky Flame          Conj/Fire      ######..     1%          4    None
f - Fireball              Conj/Fire      ######....   1%          5    ###....
g - Blink                 Tloc           N/A          1%          2    None
h - Starburst             Conj/Fire      ######....   1%          6    #####..
i - Passage of Golubria   Tloc           N/A          3%          4    None

Your spell library contained the following spells:

 Spells                   Type           Power        Failure   Level  Hunger
 Lehudib's Crystal Spear  Conj/Erth      ######....   86%         8    #######
 Absolute Zero            Ice            ###.......   100%        9    #######
 Tornado                  Air            ###.......   100%        9    #######
 Foxfire                  Conj/Fire      ####         0%          1    None
 Corona                   Hex            #####..      1%          1    None
 Shock                    Conj/Air       ####         1%          1    None
 Ensorcelled Hibernation  Hex/Ice        ####..       1%          2    None
 Shroud of Golubria       Chrm/Tloc      ####..       1%          2    None
 Confusing Touch          Hex            #####...     1%          3    None
 Conjure Flame            Conj/Fire      ######..     1%          3    None
 Dazzling Flash           Conj/Hex       ######       1%          3    None
 Gell's Gravitas          Tloc           #####.....   1%          3    None
 Ignite Poison            Fire/Tmut/Pois #####...     1%          3    None
 Inner Flame              Hex/Fire       ######..     1%          3    None
 Lesser Beckoning         Tloc           #####.....   1%          3    None
 Mephitic Cloud           Conj/Pois/Air  #####...     1%          3    None
 Static Discharge         Conj/Air       #####...     1%          3    None
 Teleport Other           Tloc           #####...     1%          3    None
 Tukima's Dance           Hex            #####...     1%          3    None
 Iskenderun's Mystic Bla  Conj/Tloc      ######..     1%          4    None
 Irradiate                Conj/Tmut      #####.....   2%          5    ###....
 Lightning Bolt           Conj/Air       #####.....   2%          5    ###....
 Beastly Appendage        Tmut           ###...       3%          1    None
 Poisonous Vapours        Pois/Air       ###...       5%          2    None
 Sticks to Snakes         Tmut           ###.....     5%          2    None
 Swiftness                Chrm/Air       ###.....     5%          2    None
 Spider Form              Tmut/Pois      ###.......   11%         3    None
 Airstrike                Air            ###.......   11%         4    None
 Ignition                 Fire           ######....   19%         8    #######
 Freezing Cloud           Conj/Ice/Air   #####.....   28%         6    #####..
 Ice Form                 Ice/Tmut       ###.....     36%         4    None
 Summon Ice Beast         Ice/Summ       ###.....     36%         4    None
 Borgnjor's Vile Clutch   Necr/Erth      ####......   36%         5    ###....
 Metabolic Englaciation   Hex/Ice        ####......   36%         5    ###....
 Silence                  Hex/Air        ####......   36%         5    ###....
 Darkness                 Hex            #####.....   58%         6    #####..
 Blade Hands              Tmut           ###.......   71%         5    ###....
 Ring of Flames           Chrm/Fire      ######....   86%         7    ######.
 Shadow Creatures         Summ           N/A          99%         6    #####..
 Controlled Blink         Tloc           N/A          100%        8    #######


Dungeon Overview and Level Annotations

Branches:
Dungeon (15/15)            Temple (1/1) D:5            Lair (6/6) D:10
 Shoals (4/4) Lair:2        Snake (4/4) Lair:2        Slime (0/5) Lair:6
    Orc (2/2) D:12            Elf (0/3) Orc:2        Vaults (2/5) D:14
 Depths (0/5) D:15        Ossuary (visited)           IceCv (visited)
Volcano (visited)         Gauntlet (visited)
  Crypt: Vaults:2-3

Altars:
Ashenzari
Cheibriados
Dithmenos
Elyvilon
Fedhas
Gozag
Hepliaklqana
Kikubaaqudgha
Makhleb
Nemelex Xobeh
Okawaru
Qazlal
Ru
Sif Muna
Trog
Uskayaw
Vehumet
Wu Jian
Xom
Yredelemnul
Zin
The Shining One

Shops:
D:10 !   D:11 *   D:12 ?   Orc:1 (   Orc:2 (*(=   Snake:4 *[}}=:}

Annotations:
D:15 Zaigeyl's ghost, adept TeAM
Vaults:2 Mennas


Innate Abilities, Weirdness & Mutations

You can breathe blasts of scalding, opaque steam.
Your pale cyan-grey scales are hard. (AC +10)
You cannot fit into any form of body armour.
You are cold-blooded and may be slowed by cold attacks.


Message History

* * * LOW HITPOINT WARNING * * *
Mennas completely misses you.
Unknown command.
You feel much better. Mennas hits you but does no damage.
Mennas hits you with a +3 trishula of holy wrath!
* * * LOW HITPOINT WARNING * * *
Evoke which item? (* to show all) (? for menu, Esc to quit)
Aim the phial where?
Press: ? - help, Shift-Dir - straight line, f - Mennas
Aim: Mennas, wielding a +3 trishula of holy wrath and wearing a +0 tower shield (silenced, heavily wounded, radiating silence, haloed) Mennas blocks the torrent of water.
The wave splashes down.
You fall into the shallow water.
Moving in this stuff is going to be slow.
Mennas hits you with a +3 trishula of holy wrath!!!
* * * LOW HITPOINT WARNING * * *
Mennas hits you but does no damage.
Mennas shakes his head sadly.
You block Mennas's attack.
Mennas hits you with a +3 trishula of holy wrath!
You die...

#....... ##### ######## #...#
##.## ####### #...# #......
######## #≈≈.# #..[... #......#
##≈≈.# #......
#......#######A≈≈.#######.(...(
#......#.#..≈d#^......#.#...<..
#......'....≈≈#........['......
#..>...#.#....#.......#.#######
#......####...####'######
######## #.......## #.......#
#.......# #####...# ##.##


You could see Mennas (silencing).

Vanquished Creatures
  Frederick (Vaults:2)
  Vashnia (Snake:3)
  Jorgrun (Lair:2)
  Rupert (D:15)
  A tentacled monstrosity (D:14)
  Polyphemus (Shoals:4)
  Agnes (Snake:3)
  Ilsuiw (Shoals:2)
  12 nagarajas
  Donald (Snake:3)
  3 frost giants
  An orc warlord (Orc:1)
  2 vault wardens
  5 ironheart preservers
  3 very ugly things (Vaults:1)
  An entropy weaver (Vaults:1)
  A deep elf annihilator (Vaults:1)
  A minotaur (Gauntlet)
  7 merfolk javelineers
  8 merfolk impalers
  3 ogre magi
  A fire dragon (Lair:6)
  2 great orbs of eyes
  Josephine (Lair:4)
  9 vault guards
  5 yaktaur captains
  16 naga warriors
  A rakshasa (Vaults:1)
  9 centaur warriors
  3 hydras
  An ice dragon (Vaults:2)
  4 merfolk aquamancers
  A catoblepas (Shoals:4)
  13 two-headed ogres
  9 anacondas
  2 deep troll shamans
  A deep troll earth mage (Vaults:1)
  2 death knights
  A vampire mage (Vaults:2)
  A satyr (Shoals:3)
  A dancing weapon (D:15)
  9 death yaks
  27 naga sharpshooters
  4 orc high priests (Orc:2)
  9 shock serpents
  A deep elf knight (Vaults:1)
  A glowing orange brain (Vaults:2)
  5 salamander mystics
  5 skeletal warriors
  A hell knight (Volcano)
  5 deep trolls
  11 sea snakes
  8 naga ritualists
  4 ironbrand convokers
  3 unseen horrors
  A swamp dragon (Lair:6)
  Pikel (D:5)
  A necromancer (Vaults:1)
  A phantasmal warrior (Vaults:2)
  6 orc knights
  A wolf spider zombie (D:13)
  15 harpies
  4 deep elf magi
  11 mana vipers
  3 wolf spiders
  32 ugly things
  An oklob plant (Lair:2)
  10 cyclopes
  11 manticores
  4 orc sorcerers
  20 slime creatures
  16 salamanders
  10 fauns
  A moth of wrath (Gauntlet)
  2 guardian serpents
  2 vault sentinels
  12 merfolk sirens
  5 elephants (Lair:5)
  21 naga magi
  A torpor snail (shapeshifter) (Vaults:2)
  8 water nymphs
  3 gargoyles
  An ice statue (IceCv)
  A smoke demon (Gauntlet)
  48 black mambas
  12 spiny frogs
  2 rime drakes
  A kobold demonologist (D:15)
  6 komodo dragons
  3 freezing wraiths (Vaults:2)
  5 yaktaurs
  33 merfolk
  A queen bee (shapeshifter) (D:15)
  A meliai (shapeshifter) (D:14)
  A jumping spider (shapeshifter) (Vaults:2)
  19 polar bears (IceCv)
  9 wind drakes
  3 hornets
  9 trolls
  A wind drake (shapeshifter) (D:14)
  11 blink frogs
  A hornet (shapeshifter) (Vaults:1)
  11 hippogriffs
  10 dream sheep
  5 snapping turtles
  A slime creature (shapeshifter) (D:15)
  6 redbacks
  6 shadows
  Sigmund (D:5)
  9 water elementals
  11 wyverns
  6 wraiths
  55 yaks
  4 basilisks
  7 fire bats (Volcano)
  2 steam dragons (Lair:6)
  A yaktaur simulacrum (Vaults:1)
  3 vampire mosquitoes (D:15)
  6 wargs
  50 nagas
  17 water moccasins
  3 soldier ants
  3 acid dragons
  Edmund (D:5)
  14 porcupines
  4 swamp drakes (Lair:6)
  3 ice beasts
  2 sky beasts
  A hornet zombie (D:13)
  34 orc warriors
  A necrophage (D:11)
  A black bear (Lair:4)
  2 eyes of draining
  A slave (D:5)
  A phantom (D:13)
  14 wolves
  An eye of draining (shapeshifter) (Vaults:1)
  23 ogres
  7 boggarts (Vaults:1)
  17 centaurs
  8 crocodiles
  A human skeleton (Vaults:1)
  5 elf zombies (Ossuary)
  2 big kobolds
  A big kobold (shapeshifter) (D:15)
  10 bullfrogs
  An earth elemental (D:11)
  3 gnoll sergeants
  A yaktaur skeleton (Vaults:1)
  A wyvern skeleton (D:13)
  3 scorpions
  9 killer bees
  14 wights
  3 howler monkeys
  5 electric eels
  6 lava snakes (Volcano)
  6 crimson imps
  2 quasits (D:11)
  4 centaur zombies
  A bullfrog zombie (D:10)
  3 hounds
  3 human simulacra
  A human zombie (Ossuary)
  6 jellies
  30 orc wizards
  5 centaur skeletons
  30 orc priests
  5 bullfrog skeletons
  4 iguanas
  5 hell rats
  A statue (D:4)
  13 worker ants
  A killer bee zombie (D:5)
  4 hound zombies
  3 hound skeletons
  4 mummies (Ossuary)
  2 worker ant zombies
  14 gnolls
  A howler monkey skeleton (D:5)
  22 adders
  2 shadow imps
  An adder skeleton (D:5)
  An adder zombie (Ossuary)
  A worm (D:4)
  2 dart slugs
  5 leopard geckos
  97 orcs
  3 ball pythons
  5 giant cockroaches
  7 goblins
  5 hobgoblins
  3 jackals (D:2)
  7 quokkas
  3 bats
  4 frilled lizards
  3 jackal zombies
  15 kobolds
  A leopard gecko skeleton (D:6)
  A quokka skeleton (D:4)
  5 rats
  A fulminant prism (Snake:3)
  A fungus (Lair:2)
  6 plants
1369 creatures vanquished.

Vanquished Creatures (others)
  A merfolk aquamancer (Shoals:4)
  3 polar bears (IceCv)
  A slime creature (Vaults:1)
  2 blink frogs (Lair:6)
  A slave (D:5)
  A scorpion (D:5)
  A howler monkey (D:5)
  2 orc wizards
  An adder skeleton (D:5)
  A bush (Lair:6)
  210 fulminant prisms
  21 fungi
  45 plants
  4 withered plants (Gauntlet)
294 creatures vanquished.

Grand Total: 1663 creatures vanquished

Notes
Turn   | Place    | Note
-------+----------+-------------------------------------------
     0 | D:1      | ratboy the Draconian Conjurer began the quest for the Orb.
     0 | D:1      | Reached XP level 1. HP: 14/14 MP: 3/3
   707 | D:1      | Reached XP level 2. HP: 22/22 MP: 1/5
  1064 | D:2      | Reached skill level 1 in Fighting
  1307 | D:2      | Found a snail-covered altar of Cheibriados.
  1738 | D:2      | Reached XP level 3. HP: 27/28 MP: 0/6
  2050 | D:2      | Learned a level 2 spell: Searing Ray
  2063 | D:2      | Reached skill level 2 in Fighting
  2135 | D:2      | Reached XP level 4. HP: 36/36 MP: 5/8
  2642 | D:2      | Learned a level 4 spell: Fulminant Prism
  3267 | D:3      | Reached XP level 5. HP: 42/42 MP: 6/9
  3337 | D:3      | Noticed a centaur
  3450 | D:3      | Killed a centaur
  3450 | D:3      | Reached skill level 3 in Fighting
  3450 | D:3      | Reached skill level 5 in Conjurations
  3450 | D:3      | Reached skill level 1 in Hexes
  3562 | D:3      | Reached XP level 6. HP: 46/51 MP: 6/11
  4765 | D:4      | Found a radiant altar of Vehumet.
  5034 | D:4      | Became a worshipper of Vehumet
  5331 | D:4      | Reached skill level 4 in Fighting
  5491 | D:4      | Your scales start taking on a pale cyan-grey colour.
  5491 | D:4      | Reached XP level 7. HP: 59/59 MP: 7/13
  5544 | D:5      | Entered Level 5 of the Dungeon
  5591 | D:5      | Noticed Sigmund
  5743 | D:5      | Killed Sigmund
  5743 | D:5      | Reached skill level 1 in Evocations
  5781 | D:5      | Noticed Pikel
  5816 | D:5      | Killed Pikel
  5816 | D:5      | Reached skill level 5 in Fighting
  5816 | D:5      | Reached XP level 8. HP: 62/68 MP: 0/15
  6109 | D:5      | Reached skill level 5 in Spellcasting
  6198 | D:5      | Found a staircase to the Ecumenical Temple.
  6301 | D:5      | Found a hazy altar of Hepliaklqana.
  6502 | D:5      | Noticed Edmund
  6672 | D:5      | Killed Edmund
  6795 | D:5      | Reached skill level 6 in Fighting
  7367 | D:6      | Reached * piety under Vehumet
  7367 | D:6      | Offered knowledge of Sandblast by Vehumet.
  7758 | D:6      | Found a blossoming altar of Fedhas.
  7815 | D:6      | Reached skill level 1 in Shields
  7815 | D:6      | Reached XP level 9. HP: 67/78 MP: 12/16
  7879 | D:6      | Found a shimmering altar of Xom.
  8039 | D:6      | Found a glowing golden altar of the Shining One.
  8235 | D:6      | Reached skill level 5 in Evocations
  8474 | D:7      | Reached skill level 7 in Fighting
  8559 | D:7      | Found a basalt altar of Yredelemnul.
  8593 | D:7      | Found a shimmering blue altar of Sif Muna.
  8655 | D:7      | Found a stormy altar of Qazlal.
  8655 | D:7      | Found a white marble altar of Elyvilon.
  8850 | D:7      | Reached ** piety under Vehumet
  8850 | D:7      | Offered knowledge of Foxfire by Vehumet.
  9854 | D:8      | Noticed a two-headed ogre
  9866 | D:8      | Killed a two-headed ogre
  9866 | D:8      | Reached skill level 8 in Fighting
  9866 | D:8      | Reached skill level 5 in Hexes
  9866 | D:8      | Reached XP level 10. HP: 90/90 MP: 11/17
  9889 | D:8      | Reached skill level 9 in Fighting
  9908 | D:8      | Got a translucent trident
  9935 | D:8      | Found a sand-covered staircase.
  9940 | Ossuary  | Entered an ossuary
  9962 | Ossuary  | Offered knowledge of Conjure Flame by Vehumet.
 10345 | D:8      | Reached *** piety under Vehumet
 10345 | D:8      | Reached skill level 10 in Fighting
 10407 | D:8      | Found an iron altar of Okawaru.
 10623 | D:8      | Found a shattered altar of Ashenzari.
 11094 | D:9      | Offered knowledge of Frozen Ramparts by Vehumet.
 11116 | D:9      | Reached skill level 11 in Fighting
 11677 | Temple   | Entered the Ecumenical Temple
 11849 | D:10     | Entered Level 10 of the Dungeon
 12255 | D:10     | Reached skill level 12 in Fighting
 12703 | D:10     | Found a staircase to the Lair.
 12729 | D:10     | Reached **** piety under Vehumet
 12761 | D:10     | Offered knowledge of Static Discharge by Vehumet.
 12776 | D:10     | Found a stormy altar of Qazlal.
 12837 | D:10     | Reached XP level 11. HP: 105/105 MP: 9/18
 12910 | D:10     | Found Cuagg's Distillery.
 12918 | D:10     | Bought a potion of heal wounds for 65 gold pieces
 12918 | D:10     | Bought a potion of degeneration for 13 gold pieces
 12918 | D:10     | Bought a potion of heal wounds for 65 gold pieces
 12918 | D:10     | Bought a potion of curing for 39 gold pieces
 12918 | D:10     | Bought a potion of flight for 39 gold pieces
 13051 | D:10     | Reached skill level 13 in Fighting
 13383 | D:10     | Identified the +9 trident of Might {elec, Str+4} (You found
                  | it on level 8 of the Dungeon)
 13601 | D:11     | Noticed a green ugly thing
 13666 | D:11     | Killed a green ugly thing
 13759 | D:11     | Noticed a white ugly thing
 13793 | D:11     | Killed a white ugly thing
 14023 | D:11     | Reached ***** piety under Vehumet
 14023 | D:11     | Offered knowledge of Bolt of Magma by Vehumet.
 14026 | D:11     | Reached skill level 14 in Fighting
 14131 | D:11     | Found Buxtayqu's Pet Rocks.
 14856 | D:11     | Learned a level 5 spell: Bolt of Magma
 15163 | D:12     | Reached skill level 15 in Fighting
 15279 | D:12     | You fall into a shaft and drop 2 floors!
 15279 | D:14     | Found a gate to the Vaults.
 15279 | D:14     | Noticed a vault guard
 15279 | D:14     | Noticed a vault guard
 15279 | D:14     | Noticed a vault guard
 15280 | D:14     | Noticed a vault guard
 15280 | D:14     | Noticed a vault guard
 15292 | D:14     | Found a hide-covered altar of Uskayaw.
 15786 | D:13     | Noticed a white ugly thing
 15797 | D:13     | Found a snail-covered altar of Cheibriados.
 15801 | D:12     | Found Fanlelai's Magic Scroll Shop.
 15810 | D:12     | Bought a scroll of teleportation for 48 gold pieces
 15810 | D:12     | Bought a scroll of magic mapping for 56 gold pieces
 16262 | D:12     | Found a staircase to the Orcish Mines.
 16277 | D:12     | Noticed a two-headed ogre
 16282 | D:12     | Killed a two-headed ogre
 16282 | D:12     | Reached skill level 16 in Fighting
 16282 | D:12     | Reached XP level 12. HP: 98/122 MP: 15/19
 17327 | D:12     | Bought a scroll of identify for 32 gold pieces
 17327 | D:12     | Identified a scroll of acquirement
 17478 | Lair:1   | Entered Level 1 of the Lair of Beasts
 17497 | Lair:1   | Found a frozen archway.
 17513 | IceCv    | Entered an ice cave
 17542 | IceCv    | Reached skill level 17 in Fighting
 17692 | IceCv    | Offered knowledge of Irradiate by Vehumet.
 18038 | IceCv    | Noticed a death yak
 18059 | IceCv    | Killed a death yak
 18059 | IceCv    | Reached skill level 18 in Fighting
 18453 | IceCv    | Noticed a frost giant
 18712 | IceCv    | Killed a frost giant
 18712 | IceCv    | Reached XP level 13. HP: 86/136 MP: 8/20
 19450 | Lair:1   | Reached skill level 19 in Fighting
 20416 | Lair:2   | Found a staircase to the Shoals.
 20595 | Lair:2   | Reached skill level 1 in Fire Magic
 20595 | Lair:2   | Reached skill level 1 in Earth Magic
 20861 | Lair:2   | Found a staircase to the Snake Pit.
 22772 | Lair:4   | Found a dark tunnel.
 22780 | Volcano  | Entered a volcano
 24086 | Volcano  | Found a bloodstained altar of Trog.
 24112 | Volcano  | Found a burning altar of Makhleb.
 24209 | Lair:4   | Offered knowledge of Orb of Destruction by Vehumet.
 25110 | Lair:4   | Noticed Josephine
 25122 | Lair:4   | Killed Josephine
 25684 | Lair:5   | Reached XP level 14. HP: 146/146 MP: 21/21
 25961 | Lair:5   | Reached skill level 5 in Fire Magic
 26707 | Lair:6   | Entered Level 6 of the Lair of Beasts
 26709 | Lair:6   | Found a gate leading to a gauntlet.
 26717 | Lair:6   | Reached skill level 5 in Dodging
 26747 | Gauntlet | Entered a Gauntlet
 26747 | Gauntlet | Found a transporter.
 26747 | Gauntlet | Found a transporter.
 26886 | Gauntlet | Found a transporter.
 26901 | Gauntlet | Found a transporter.
 26917 | Gauntlet | Found a transporter.
 26930 | Gauntlet | Found a transporter.
 26949 | Gauntlet | Found a transporter.
 27015 | Gauntlet | Found a transporter.
 27030 | Gauntlet | Found a transporter.
 27051 | Gauntlet | Found a transporter.
 27059 | Gauntlet | Found a transporter.
 27148 | Gauntlet | Found a transporter.
 27158 | Gauntlet | Found a transporter.
 27168 | Gauntlet | Found a transporter.
 27173 | Gauntlet | Found a transporter.
 27210 | Gauntlet | Found a transporter.
 27773 | Gauntlet | Got a brightly glowing bronze ring
 27803 | Gauntlet | Reached skill level 5 in Earth Magic
 28351 | Gauntlet | Identified the ring "Nuof" {rPois rF- Dex+2 Stlth+} (You
                  | found it in a Gauntlet)
 28354 | Gauntlet | Got a brightly glowing wooden ring
 28440 | Gauntlet | Identified the +4 hunting sling "Besin" {freeze, Fragile
                  | +Blink rC+++ Str-2}
 28451 | Gauntlet | Identified Amneumu's Collected Works on Flamy Combat Magic
 29136 | Lair:6   | Offered knowledge of Iron Shot by Vehumet.
 29354 | Lair:6   | Found a staircase to the Slime Pits.
 30127 | Lair:6   | Identified the ring "Huwk" {rPois Str+4 Int+2 Dex+6} (You
                  | found it in a Gauntlet)
 31200 | Lair:6   | Found the +7 captain's cutlass {speed, disarm}
 32306 | D:12     | Bought a scroll of identify for 32 gold pieces
 32306 | D:12     | Bought a scroll of identify for 32 gold pieces
 32306 | D:12     | Bought a scroll of fear for 56 gold pieces
 32309 | D:12     | Bought a scroll of vulnerability for 120 gold pieces
 32371 | Orc:1    | Entered Level 1 of the Orcish Mines
 32502 | D:12     | Reached skill level 20 in Fighting
 33223 | Orc:1    | Found Molarch's Antique Weapon Boutique.
 33448 | Orc:1    | Offered knowledge of Ozocubu's Refrigeration by Vehumet.
 34068 | Orc:2    | Entered Level 2 of the Orcish Mines
 34299 | Orc:2    | Found a bloodstained altar of Trog.
 34330 | Orc:2    | Noticed an orc warlord
 34564 | Orc:1    | Killed an orc warlord
 34564 | Orc:1    | Reached XP level 15. HP: 36/155 MP: 6/25
 36383 | Orc:2    | Learned a level 4 spell: Sticky Flame
 36389 | Orc:2    | Learned a level 5 spell: Fireball
 36706 | Orc:2    | Found Acycov's Jewellery Emporium.
 36706 | Orc:2    | Found Homotux's Assorted Antiques.
 36707 | Orc:2    | Found Ular's Antique Weapon Shoppe.
 36710 | Orc:2    | Found Haiwkius's Weapon Emporium.
 36717 | Orc:2    | Bought a potion of heal wounds for 100 gold pieces
 36847 | Orc:2    | Found a staircase to the Elven Halls.
 36938 | Orc:2    | Bought a hardcover book for 300 gold pieces
 36938 | Orc:2    | Bought a paperback book for 300 gold pieces
 36938 | Orc:2    | Bought a leatherbound book for 300 gold pieces
 36941 | Orc:2    | Learned a level 2 spell: Blink
 37352 | D:13     | Reached skill level 1 in Translocations
 40171 | D:15     | Entered Level 15 of the Dungeon
 40684 | D:15     | Reached ****** piety under Vehumet
 40694 | D:15     | Offered knowledge of Conjure Ball Lightning by Vehumet.
 41091 | D:15     | Noticed Rupert
 41121 | D:15     | Killed Rupert
 41914 | D:15     | Reached XP level 16. HP: 130/165 MP: 20/29
 42700 | D:15     | Found a runed translucent door.
 42701 | D:15     | Found a shimmering altar of Xom.
 42701 | D:15     | Noticed Zaigeyl's ghost (adept TeAM)
 42951 | D:15     | Found a staircase to the Depths.
 43896 | Snake:1  | Entered Level 1 of the Snake Pit
 43911 | Snake:1  | Noticed Jorgrun
 43943 | Lair:2   | Killed Jorgrun
 44930 | Snake:1  | Reached skill level 10 in Spellcasting
 45515 | Snake:1  | Reached skill level 5 in Translocations
 46059 | Snake:1  | Got a warped steel ring
 46855 | Snake:2  | Offered knowledge of Chain Lightning by Vehumet.
 46863 | Snake:2  | Learned a level 6 spell: Starburst
 50471 | Snake:2  | Reached skill level 10 in Fire Magic
 50606 | Snake:2  | Reached XP level 17. HP: 109/172 MP: 28/32
 50905 | Snake:2  | Identified the ring "Uviwon" {*Tele Dex+7} (You found it on
                  | level 1 of the Snake Pit)
 51891 | Snake:2  | Learned a level 4 spell: Passage of Golubria
 51986 | Snake:3  | Reached skill level 10 in Dodging
 52408 | Snake:3  | Reached skill level 10 in Conjurations
 54430 | Snake:3  | Noticed Donald
 54443 | Snake:3  | Killed Donald
 54444 | Snake:3  | Noticed Vashnia
 55232 | Snake:3  | Reached skill level 21 in Fighting
 55724 | Snake:3  | Noticed Agnes
 55732 | Snake:3  | Killed Agnes
 57288 | Snake:3  | Killed Vashnia
 57439 | Snake:4  | Entered Level 4 of the Snake Pit
 57472 | Snake:4  | Found Itutyih's Antique Armour Shop.
 57489 | Snake:4  | Bought a glowing scarf for 184 gold pieces
 57727 | Snake:4  | Found Fomn's Assorted Antiques.
 57807 | Snake:4  | Offered knowledge of Lehudib's Crystal Spear by Vehumet.
 57807 | Snake:4  | Offered knowledge of Tornado by Vehumet.
 57807 | Snake:4  | Offered knowledge of Absolute Zero by Vehumet.
 58117 | Snake:4  | Found Umaluer's Book Boutique.
 58221 | Snake:4  | Found Wiacsane's Gadget Emporium.
 60113 | Snake:4  | Reached XP level 18. HP: 179/182 MP: 2/34
 61861 | Snake:4  | Got a serpentine rune of Zot
 62114 | Snake:4  | Found Litees's Jewellery Shoppe.
 62114 | Snake:4  | Found Xakot's Gadget Boutique.
 62115 | Snake:4  | Found Peetexze's Gadget Boutique.
 62254 | Shoals:1 | Entered Level 1 of the Shoals
 64299 | Shoals:2 | Found an iron altar of Okawaru.
 64472 | Shoals:2 | Noticed Ilsuiw
 64481 | Shoals:2 | Killed Ilsuiw
 67635 | Shoals:3 | Identified the cursed -4 kite shield of Vuyrr {rF+ Dex+6}
                  | (You found it on level 3 of the Shoals)
 67716 | Shoals:4 | Entered Level 4 of the Shoals
 67850 | Shoals:4 | Noticed Polyphemus
 68738 | Shoals:3 | Found the +8 whip "Snakebite" {curare, rPois}
 68738 | Shoals:3 | Got the +8 whip "Snakebite" {curare, rPois}
 69034 | Shoals:4 | Killed Polyphemus
 69268 | Shoals:4 | Identified the +11 flail of the Land of Plenty {flame,
                  | *Drain Str+4 Int+3} (You found it on level 4 of the Shoals)
 69358 | Shoals:4 | Identified the Incunabulum of the Displaced Glacier
 69423 | Shoals:4 | Reached XP level 19. HP: 165/191 MP: 17/35
 69830 | Shoals:4 | Reached skill level 22 in Fighting
 69858 | Shoals:4 | Reached skill level 10 in Evocations
 70539 | Shoals:4 | Got a barnacled rune of Zot
 71885 | Vaults:1 | Entered Level 1 of the Vaults
 76166 | Vaults:2 | Noticed Frederick
 78147 | Vaults:2 | Killed Frederick
 79686 | Vaults:2 | Reached XP level 20. HP: 202/202 MP: 33/37
 79707 | Vaults:2 | Noticed Mennas
 80561 | Vaults:2 | HP: 9/202 [Mennas/+3 trishula of holy wrath (37)]
 80561 | Vaults:2 | Slain by Mennas

Illustrated notes

Levels and vault maps discovered:
D:1:      minmay_arrival_widening_spiral_wide, layout_basic
D:2:      layout_basic, nicolae_overflow_crystal_walls, first_ration
D:3:      layout_rooms
D:4:      layout_basic, vehumet_statue
D:5:      layout_loops_ring, lemuel_crystal_altar, temple_green,
          kennysheep_opposing_triangles, uniq_edmund, uniq_pikel, uniq_sigmund
D:6:      layout_loops_ring, lemuel_doored_altar, kennysheep_mini,
          kennysheep_little_box
D:7:      layout_cave_pools, kennysheep_mini_moat, overflow_temple_1_default,
          gammafunk_temple_overflow_pools, serial_bayou_lagoon_b
D:8:      layout_rooms, evilmike_ruin_ashenzari, overflow_temple_1_default,
          serial_glass, glass_columns_c, glass_columns_b, enter_ossuary_2
D:9:      layout_loops_ring
D:10:     layout_stronghold, lair_entry_dummy, serial_shops, shop, basic_altar,
          hangedman_pestilent_swarm
D:11:     layout_irregular_city, serial_column_ruins, column_ruins_open_medium,
          column_ruins_open_tiny, column_ruins_open_medium, column_ruins_grid_4,
          column_ruins_open_medium, guppyfry_shop_earth
D:12:     layout_stronghold, orc_0_dummy, serial_shops, shop_statue
D:13:     layout_roguey, basic_altar, kennysheep_flooded_box
D:14:     layout_cave_pods, erik_vaults_2, basic_altar, nrook_uturn,
          serial_rivers, chequers_serial_rivers_room_a,
          chequers_serial_rivers_micro_a, chequers_serial_rivers_micro_a,
          chequers_serial_rivers_room_b, chequers_serial_rivers_room_a
D:15:     grunt_enter_depths_snipers, layout_loops_corners, ebering_ghost_xom,
          chequers_arboretum, chequers_serial_rivers_large_a,
          small_statue_intersection, minmay_misc_feat_enclosed, uniq_rupert
Temple:   cyrus_temple_forest
Lair:1:   layout_small_grid, portal_ice_cave_entry_pillars_1,
          beast_lair_carwin_4, grunt_megastairs_2
Lair:2:   layout_regular_city, minmay_shoals_entry_hut,
          guppyfry_snake_entry_garden, minmay_lair_oklob_chamber
Lair:3:   layout_regular_city, minmay_stone_trees_small, grunt_megastairs_5,
          lemuel_fruit_tree, serial_bayou_shore_a, serial_bayou_shore_b,
          infiniplex_staircase_pool
Lair:4:   layout_regular_city, nicolae_volcano_entry_s_turn,
          chequers_serial_rivers_micro_d, lemuel_fruit_fields, uniq_josephine
Lair:5:   layout_hall_layers, hangedman_lair_unloving_vines
Lair:6:   guppyfry_lair_end_dragon, layout_regular_city,
          hangedman_lair_tendril_chambers, minmay_slime_entry_pillars,
          gauntlet_entry_generic, lemuel_old_faithful, uniq_nessos
Shoals:1: layout_shoals, ldierk_geyser, nicolae_shoals_flooded_hall
Shoals:2: layout_shoals, nicolae_shoals_circle_sea_wall, lemuel_centaur_altar,
          uniq_ilsuiw
Shoals:3: layout_shoals
Shoals:4: shoals_end_grunt_ice, layout_shoals, uniq_polyphemus
Snake:1:  layout_gridlike, grunt_ministairs_11, grunt_megastairs_1, uniq_jorgrun
Snake:2:  kennysheep_snake, layout_grid_shapes, st_stairs_13
Snake:3:  layout_cave_shapes, grunt_megastairs_3, uniq_vashnia, uniq_agnes,
          uniq_donald
Snake:4:  snake_pit, layout_cave_town, serial_shops, shop, shop, shop,
          nicolae_shop_trees, minmay_snake_pond, minmay_shop_grove
Orc:1:    cheibrodos_orc_guarddog, layout_caves, serial_shops,
          nicolae_shop_crystal, guppyfry_library_mini
Orc:2:    st_orc_mages, layout_caves, basic_altar
Vaults:1: grunt_vaults_swirl, v_misc_27, hangedman_vaults_restitches,
          vaults_room_fours, nicolae_vaults_little_squares_6, v_alt_pattern_4,
          v_misc_12, nicolae_vaults_yaktaur_gun_rack,
          nicolae_vaults_specimen_jars, layout_vaults_quadrants,
          mu_enter_wizlab_3
Vaults:2: minmay_crypt_entry_simple_statues, vaults_room_grid,
          vaults_standard_mumra_lines, v_misc_1, v_misc_24,
          nicolae_vaults_ninety_degrees, v_pattern_5, hangedman_vaults_pinch,
          hangedman_vaults_variations, ontoclasm_vaults_idyll,
          ontoclasm_vaults_claustrophobia, nicolae_vaults_little_squares_2,
          layout_vaults_omnibox, uniq_frederick, uniq_saint_roka, uniq_mennas

Skill      XL: |  1  2  3  4  5  6  7  8  9 10 11 12 13 14 15 16 17 18 19 |
---------------+----------------------------------------------------------+-----
Fighting       | 1 2 3 4 5 6 8 12 16 18 19 20 21 22 | 22.5
Spellcasting   | 3 4 5 7 9 11 12 13 | 13.6
Conjurations   | 5 6 7 8 9 10 11 12 | 12.0
Hexes          | 1 2 3 5 |  5.0
Evocations     | 2 4 5 7 8 9 11 | 11.6
Shields        | 1 4 |  4.0
Dodging        | 4 7 9 11 12 | 12.0
Fire Magic     | 4 7 8 10 11 12 14 | 14.2
Earth Magic    | 4 5 |  5.0
Translocations | 4 6 |  6.0
Stealth        | |  1.7

Action                   |  1- 3 |  4- 6 |  7- 9 | 10-12 | 13-15 | 16-18 | 19-21 || total
-------------------------+-------+-------+-------+-------+-------+-------+-------++-------
Melee: Unarmed           |     8 |       |       |       |       |       |       ||     8
       Tailslap          |     1 |     1 |    11 |    37 |   144 |    50 |    49 ||   293
       Short sword       |    18 |       |       |       |       |       |       ||    18
       Dagger            |     2 |     3 |    91 |   260 |   970 |   233 |       ||  1559
       Staff             |       |       |       |    30 |    15 |   156 |    97 ||   298
       Trident           |       |       |       |     6 |       |       |       ||     6
       Whip              |       |       |       |       |       |       |   214 ||   214
Throw: Stone             |    12 |       |       |       |       |       |       ||    12
       Dart              |       |     4 |       |       |     5 |     2 |       ||    11
 Cast: Magic Dart        |    60 |    65 |    80 |    88 |    96 |    54 |     1 ||   444
       Searing Ray       |     2 |    26 |    39 |    75 |   229 |   131 |    18 ||   520
       Fulminant Prism   |       |     1 |    10 |    53 |    60 |    58 |    29 ||   211
       Bolt of Magma     |       |       |       |     2 |    30 |    19 |     2 ||    53
       Sticky Flame      |       |       |       |       |    40 |   120 |    48 ||   208
       Fireball          |       |       |       |       |    13 |   461 |   233 ||   707
       Blink             |       |       |       |       |       |     3 |       ||     3
       Starburst         |       |       |       |       |       |     1 |    11 ||    12
       Passage of Golubr |       |       |       |       |       |       |     2 ||     2
 Abil: Breathe Steam     |       |       |     6 |    85 |   190 |   154 |     7 ||   442
Evoke: Lightning rod     |       |       |       |     5 |     8 |     1 |       ||    14
       Wand              |       |       |       |       |    14 |    18 |     4 ||    36
       Phial of floods   |       |       |       |       |     1 |       |     1 ||     2
       Tin of tremorston |       |       |       |       |       |     6 |     1 ||     7
  Use: Scroll            |       |       |       |    21 |    13 |    17 |     7 ||    58
       Potion            |       |       |       |       |     1 |       |     7 ||     8
 Stab: Distracted        |       |     1 |     1 |       |       |       |       ||     2
       Paralysed         |       |       |       |       |    18 |       |       ||    18
       Sleeping          |       |       |       |       |     1 |       |       ||     1
  Eat: Chunk             |     5 |    11 |     8 |    36 |    70 |    42 |    21 ||   193
       Ration            |       |       |     2 |     3 |    14 |    20 |     6 ||    45
Armor: Skin              |    18 |     7 |    47 |   149 |   243 |   132 |    84 ||   680
Dodge: Dodged            |    22 |    23 |   103 |   398 |  1264 |  1123 |   507 ||  3440
Block: Buckler           |       |       |    13 |   118 |   447 |   368 |   156 ||  1102
